 Dungeon Crawl Stone Soup version 0.14-a0-1576-gf4c5cb9 (webtiles) character file.

329 M4edhros the Poker (level 5, -1/32 HPs)
             Began as an Octopode Chaos Knight on Dec 22, 2013.
             Was a Plaything of Xom.
             Slain by an ogre
             ... wielding a +0,+0 giant spiked club
              (23 damage)
             ... on Level 4 of the Dungeon.
             The game lasted 00:02:46 (3048 turns).

M4edhros the Poker (Octopode Chaos Knight)          Turns: 3048, Time: 00:02:46

HP  -1/32        AC  1     Str 11      XL: 5   Next: 53%
MP   5/5         EV 13     Int 13      God: Xom
Gold 156         SH  0     Dex 10      Spells:  0 memorised,  4 levels left

rFire  . . .     SeeInvis .     a - +0 spear (chaos)
rCold  . . .     Clarity  .     (no shield)
rNeg   . . .     Conserve .     (helmet restricted)
rPois  .         rCorr    .     (no amulet)
rElec  .         rRot     .     (no ring)
SustAb . .       Spirit   .     (no ring)
rMut   .         Warding  .     (no ring)
Saprov . . .     Stasis   .     (no ring)
                                (no ring)
                                (no ring)
                                (no ring)
                                (no ring)

@: slightly resistant to hostile enchantments, fairly stealthy
A: almost no armour, amphibious, 8 rings, constrict 8, camouflage 1, blurry
vision 1, clumsy 1, dopey 1, frail 1, gelatinous body 1
a: Renounce Religion


You were on level 4 of the Dungeon.
You worshipped Xom.
You were a plaything of Xom.
You were not hungry.

You visited 1 branch of the dungeon, and saw 4 of its levels.

You collected 156 gold pieces.

Inventory:

Hand weapons
 a - a +0,+0 spear of chaos (weapon)
Magical devices
 x - a wand of slowing (13) {unknown}
Comestibles
 b - 3 meat rations
 c - 3 bread rations
 g - a lychee
 h - 16 strawberries
 m - an apple
 r - a choko
Scrolls
 d - a scroll of random uselessness {unknown}
 f - 2 scrolls of identify {unknown}
 i - a scroll of curse jewellery {unknown}
 j - a scroll of enchant armour {unknown}
 p - a scroll of magic mapping {unknown}
 s - 3 scrolls of fear {unknown}
 t - a scroll of immolation {unknown}
 u - a scroll of curse weapon {unknown}
 y - a scroll of recharging {unknown}
Jewellery
 v - an uncursed ring of wizardry {unknown}
 A - an uncursed amulet of faith {unknown}
Potions
 e - a potion of porridge
 k - 2 potions of flight {unknown}
 l - 3 potions of poison {unknown}
 n - a potion of brilliance {unknown}
 o - a potion of mutation {unknown}
 q - a potion of curing
 w - a potion of confusion {unknown}
 z - a potion of agility {unknown}
 B - a potion of restore abilities {unknown}


   Skills:
 - Level 3.0 Fighting
 + Level 4.7 Polearms
 + Level 4.3 Dodging


You had 4 spell levels left.
You didn't know any spells.

Dungeon Overview and Level Annotations

Branches:
Dungeon (4/16)
 Temple: D:4-7

Altars:
Makhleb
Nemelex Xobeh


Innate Abilities, Weirdness & Mutations

You cannot wear most types of armour.
You are amphibious.
You can wear up to eight rings at the same time.
You can use your tentacles to constrict many enemies at once.
Your skin changes colour to match your surroundings (Stlth).
Your rubbery body absorbs attacks (AC +1).
Your vision is a little blurry.
You are clumsy. (Dex -2)
You are dopey. (Int -2)
You are frail (-10% HP).


Message History

This raw flesh tastes terrible.
You continue eating.
An ogre comes into view. It is wielding a giant spiked club.
The ogre shouts!
The ogre moves out of view.
An ogre is nearby!
An ogre is nearby!
Attack whom?
Press: ? - help, Dir - move target cursor, f - ogre
Aim: an ogre, wielding a giant spiked club You reach to attack!
You hit the ogre but do no damage. You barely miss the ogre.
The ogre closely misses you.
You hit the ogre.
The ogre goes berserk!
The ogre is lightly wounded.
You hit the ogre. You freeze the ogre.
The ogre is lightly wounded.
The ogre hits you with a giant spiked club!
Ouch! That really hurt!
You die...
Xom snickers!

############....#<#.# #.###....
###########%# #.# #....
#...........## #.# #.... ######
#.######.....# #.###.... .....#
#.#...##.....# #......<. .....#
#.#[..##.....# #####.... .....#
#.#)..##.....# #....
.....#####.#(..##.....###########
...........(.>.O@................
.....#####.#...##.....####.######
.....# #.#...#####.......####
.....# #.##.## #.######....
###### #.# .# #.######.##### #.#
.# #............. #.# .#
########.##### #.# . .........#
#.# ################


You could see an ogre (berserk).

Vanquished Creatures
  6 adders
  An adder (shapeshifter) (D:1)
  An inept item mimic (D:4)
  5 worms
  A giant gecko (D:2)
  2 oozes
  4 giant cockroaches
  10 hobgoblins
  7 jackals
  2 quokkas (D:2)
  2 ball pythons
  15 bats
  A giant newt (D:1)
  6 goblins
  5 kobolds
  A kobold skeleton (D:4)
  5 rats
74 creatures vanquished.

Notes
Turn   | Place    | Note
--------------------------------------------------------------
     0 | D:1      | M4edhros, the Octopode Chaos Knight, began the quest for the Orb.
     0 | D:1      | Reached XP level 1. HP: 16/16 MP: 1/1
    13 | D:1      | XOM: potion effect (invisibility)
    20 | D:1      | Noticed a scorpion
    20 | D:1      | a giant mite changed into a scorpion
    22 | D:1      | Noticed a spider
    22 | D:1      | a scorpion changed into a spider
    24 | D:1      | a spider changed into a bat
    29 | D:1      | Noticed a killer bee
    29 | D:1      | a gnoll changed into a killer bee
    31 | D:1      | a killer bee changed into an adder
    32 | D:1      | Reached XP level 2. HP: 21/21 MP: 2/2
   294 | D:1      | Reached XP level 3. HP: 12/26 MP: 3/3
   337 | D:1      | XOM: silly message
   489 | D:1      | XOM: divination: detect items
   736 | D:2      | Found a sparkling altar of Nemelex Xobeh.
  1036 | D:2      | Reached XP level 4. HP: 31/31 MP: 4/4
  1059 | D:2      | Reached skill level 4 in Polearms
  1074 | D:2      | XOM: divination: magic mapping
  1135 | D:2      | Found a burning altar of Makhleb.
  1395 | D:2      | XOM: colour smoke trail
  1731 | D:3      | XOM: give mutations
  1731 | D:3      | Gained mutation: You are frail (-10% HP). [Xom's mischief]
  1731 | D:3      | Gained mutation: Your vision is a little blurry. [Xom's mischief]
  1731 | D:3      | Gained mutation: You are dopey. (Int -2) [Xom's mischief]
  1731 | D:3      | Gained mutation: You are clumsy. (Dex -2) [Xom's mischief]
  2093 | D:3      | XOM: silly message
  2123 | D:3      | Reached XP level 5. HP: 23/32 MP: 5/5
  3043 | D:4      | Noticed an ogre
  3048 | D:4      | Slain by an ogre

Action                   |  1- 3 |  4- 6 || total
-------------------------+-------+-------++-------
Melee: Spear             |    89 |   127 ||   216
  Use: Potion            |     1 |       ||     1
 Stab: Invisible         |     4 |       ||     4
       Sleeping          |     4 |     6 ||    10
       Paralysed         |       |     4 ||     4
